 Dungeon Crawl Stone Soup version 0.31.0-9-g3a7656b989 (webtiles) character file.

Game seed: 16464705772485984400

2516 EnegeticOcto the Magician (level 9, -7/65 HPs)
             Began as a Mummy Fire Elementalist on Feb 3, 2024.
             Was a Priest of Sif Muna.
             Mangled by a hornet zombie (9 damage)
             ... on level 6 of the Dungeon.
             The game lasted 00:16:46 (4735 turns).

EnegeticOcto the Magician (Mummy Fire Elementalist) Turns: 4735, Time: 00:16:47

Health: -7/65      AC:  3    Str: 11    XL:     9   Next: 29%
Magic:  17/20      EV: 16    Int: 19    God:    Sif Muna [***...]
Gold:   131        SH:  4    Dex: 12    Spells: 15/22 levels left

rFire   x . .        e - +1 spear (heavy)
rCold   + . .        v - +0 buckler
rNeg    + + +        a - +0 robe
rPois   ∞            (no helmet)
rElec   .            j - +0 cloak
rCorr   .            (no gloves)
SInv    .            (no boots)
Will    +....        (no amulet)
Stlth   ++           g - +5 ring of evasion
HPRegen 0.30/turn    (no ring)
MPRegen 0.17/turn

%: faith
@: no status effects
A: cold resistance 1, negative energy resistance 3, torment resistance 2, heat
vulnerability 1, in touch with death 1, no potions, faith
a: Renounce Religion, Channel Magic, Forget Spell


You were on level 6 of the Dungeon.
You worshipped Sif Muna.
Sif Muna was most pleased with you.
You visited 1 branch of the dungeon, and saw 6 of its levels.
You also visited: Sewer.

You collected 285 gold pieces.
You spent 154 gold pieces at shops.

Inventory:

Hand Weapons
 e - a +1 heavy spear (weapon)
   (You took it off a gnoll on level 3 of the Dungeon)
 k - a +2 quarterstaff of chaos
   (You took it off Crazy Yiuf on level 3 of the Dungeon)
Armour
 a - a +0 robe (worn)
 i - a +0 kite shield
   (You found it on level 2 of the Dungeon)
 j - a +0 cloak (worn)
   (You took it off Crazy Yiuf on level 3 of the Dungeon)
 s - a +2 ring mail of poison resistance
   (You took it off an orc on level 5 of the Dungeon)
 v - a +0 buckler (worn)
   (You took it off a gnoll sergeant on level 5 of the Dungeon)
Magical Staves
 c - a staff of cold
   (You found it on level 1 of the Dungeon)
 d - a staff of alchemy
   (You found it on level 1 of the Dungeon)
Jewellery
 g - a +5 ring of evasion (left hand)
   (You found it on level 2 of the Dungeon)
Wands
 o - a wand of paralysis (2)
   (You found it in a sewer)
 q - a wand of roots (1) {@v2}
   (You took it off Ijyb on level 4 of the Dungeon)
Scrolls
 b - 3 scrolls of teleportation {@r3 !r}
 f - 3 scrolls of revelation {@r5 !r}
 h - a scroll of silence {!r}
 m - a scroll of noise
 n - a scroll of blinking {@r4}
 p - 2 scrolls of fog {!r}
 r - 2 scrolls of amnesia {unknown}
 t - a scroll of fear {!r}
 u - 2 scrolls of enchant armour
 w - a scroll of immolation


   Skills:
 - Level 4.0 Fighting
 - Level 1.5 Dodging
 - Level 1.5 Stealth
 - Level 3.0 Shields
 + Level 7.4 Spellcasting
 + Level 5.5 Conjurations
 - Level 6.0 Fire Magic
 - Level 2.0 Invocations


You had 15 spell levels left.
You knew the following spells:

 Your Spells              Type           Power      Damage    Failure   Level
a - Scorch                Fire           58%        2d7       1%          2
b - Foxfire               Conj/Fire      100%       2x1d9     1%          1
c - Flame Wave            Conj/Fire      28%        2d9       13%         4

Your spell library contained the following spells:

 Spells                   Type           Power      Damage    Failure   Level
 Sting                    Conj/Alch      68%        1d7       4%          1
 Inner Flame              Hex/Fire       18%        N/A       12%         3
 Volatile Blastmotes      Fire/Tloc      36%        2d13      12%         3
 Stone Arrow              Conj/Erth      34%        3d9       13%         3
 Apportation              Tloc           14%        N/A       14%         1
 Necrotise                Necr           40%        1d6       14%         1
 Summon Small Mammal      Summ           28%        N/A       14%         1
 Animate Armour           Summ/Erth      14%        N/A       80%         4
 Leda's Liquefaction      Alch/Erth      3%         N/A       80%         4
 Lee's Rapid Deconstruct  Erth           3%         3d5*      98%         5
 Bombard                  Conj/Erth      8%         9d2       100%        6
 Lehudib's Crystal Spear  Conj/Erth      8%         10d4      100%        8


Dungeon Overview and Level Annotations

Branches:
Dungeon (6/15) Zot: 26376   Sewer (visited)
 Temple: D:4-7

Altars:
Dithmenos
Hepliaklqana
Ru
Sif Muna
Xom

Shops:
D:5 ?   D:6 [

Annotations:
D:6 Maggie


Innate Abilities, Weirdness & Mutations

You are immune to poison.
Your flesh is cold resistant. (rC+)
You are immune to negative energy. (rN+++)
You are immune to unholy pain and torment.
You are vulnerable to heat. (rF-)
You are in touch with the powers of death.
You do not drink.
You have a special connection with the divine. (Faith)


Message History

Press: ? - help, Q - select action, (/) - cycle Dir - look around, f - activate Flames lash the water moccasin zombie.
The water moccasin zombie is lightly damaged.
The water moccasin zombie's fire resistance burns away.
Casting: Scorch (safe; 1% risk of failure)
Press: ? - help, Q - select action, (/) - cycle Dir - look around, f - activate Flames lash Maggie.
Maggie is lightly wounded.
Maggie's fire resistance burns away.
The water moccasin zombie closely misses you.
Casting: Scorch (safe; 1% risk of failure)
Press: ? - help, Q - select action, (/) - cycle Dir - look around, f - activate Flames lash the hornet zombie.
The hornet zombie is heavily damaged.
The hornet zombie's fire resistance burns away.
The water moccasin zombie bites you but does no damage.
You fail to use your ability.
The water moccasin zombie misses you.
You fail to use your ability.
The water moccasin zombie is no longer more vulnerable to fire.
The water moccasin zombie bites you. The hornet zombie barely misses you.
The water moccasin zombie misses you. The hornet zombie closely misses you.
Aiming: Fastroot
Press: ? - help, Shift-Dir - straight line The roots erupt in riotous growth!
Roots grab the water moccasin zombie.
Roots grab the hornet zombie.
Roots grab Maggie.
The grasping roots constrict the water moccasin zombie.
The grasping roots constrict the hornet zombie.
The grasping roots constrict Maggie.
The hornet zombie is no longer more vulnerable to fire.
Maggie is no longer more vulnerable to fire.
You block the water moccasin zombie's attack.
The hornet zombie hits you.
* * * LOW HITPOINT WARNING * * *
A howler monkey skeleton comes into view.
The water moccasin zombie closely misses you.
The hornet zombie completely misses you.
Casting: Scorch (safe; 1% risk of failure)
Press: ? - help, Q - select action, (/) - cycle Dir - look around, f - activate Flames lash the water moccasin zombie.
The water moccasin zombie is heavily damaged.
The water moccasin zombie's fire resistance burns away.
The grasping roots constrict the water moccasin zombie.
The grasping roots constrict the hornet zombie.
The grasping roots constrict Maggie.
The roots release their grip on the hornet zombie.
The roots release their grip on Maggie.
The water moccasin zombie bites you.
* * * LOW HITPOINT WARNING * * *
The hornet zombie barely misses you.
Aiming: Fastroot
Press: ? - help, Shift-Dir - straight line The roots erupt in riotous growth!
The water moccasin zombie is unaffected.
Roots grab the hornet zombie.
Roots grab Maggie.
Roots grab the howler monkey skeleton.
You feel less invigorated.
The grasping roots constrict the water moccasin zombie.
The grasping roots constrict the howler monkey skeleton.
The grasping roots constrict the hornet zombie.
The grasping roots constrict Maggie.
The roots release their grip on the water moccasin zombie.
The hornet zombie hits you.
* * * LOW HITPOINT WARNING * * *
The water moccasin zombie bites you but does no damage.
The howler monkey skeleton struggles to escape constriction.
The grasping roots constrict the howler monkey skeleton.
The grasping roots constrict the hornet zombie.
The grasping roots constrict Maggie.
The roots release their grip on the hornet zombie.
The roots release their grip on Maggie.
The hornet zombie barely misses you.
The howler monkey skeleton struggles to escape constriction.
The grasping roots constrict the howler monkey skeleton.
The roots release their grip on the howler monkey skeleton.
The hornet zombie misses you.
Aiming: Fastroot
Press: ? - help, Shift-Dir - straight line The roots erupt in riotous growth!
Roots grab the water moccasin zombie.
Roots grab the hornet zombie.
The grasping roots constrict the water moccasin zombie.
The grasping roots constrict the hornet zombie.
The hornet zombie misses you.
You block the water moccasin zombie's attack.
The grasping roots constrict the water moccasin zombie!
You destroy the water moccasin zombie!
Sif Muna accepts your kill.
The grasping roots constrict the hornet zombie.
The roots release their grip on the hornet zombie.
The hornet zombie attacks as it pursues you!
The hornet zombie completely misses you.
Casting: Scorch (safe; 1% risk of failure)
Press: ? - help, Q - select action, (/) - cycle Dir - look around, f - activate Flames lash the howler monkey skeleton.
The howler monkey skeleton is severely damaged.
The howler monkey skeleton's fire resistance burns away.
The hiss of flowing sand is almost imperceptible now.
The hornet zombie hits you!
* * * LOW HITPOINT WARNING * * *
The hornet zombie hits you!
You die...

.)... ......###.) ...
..... #...#.#.. . #..
###..####........
..#..###....##..........
.............##.........
........................
.................†......
.................#......
.......@ZZ...#####..##..
.?.....##....[###.......
.......#.......###....##
......###†...#..........
...... #@)..#....#.....
...... ##...............
.......#......#####....#
..............#...#..###
......$##....#.∩.#.##


You could see a hornet zombie and a howler monkey skeleton (combustible).

Vanquished Creatures
  Pikel (D:5)
  2 water moccasins
  An ice beast (D:5)
  A black bear (D:5)
  2 ogres
  A phantom (D:5)
  2 bullfrogs (Sewer)
  A gnoll sergeant (D:5)
  3 scorpions
  A water moccasin zombie (D:6)
  A howler monkey (D:5)
  2 bombardier beetles
  3 hounds
  3 jellies
  Crazy Yiuf (D:3)
  A gnoll bouda (D:6)
  3 iguanas
  Ijyb (D:4)
  A sleepcap (D:5)
  4 orc wizards
  15 gnolls
  8 adders
  2 shadow imps
  2 white imps
  3 ufetubi (D:5)
  18 dart slugs
  2 ribbon worms (D:3)
  10 orcs
  8 bats
  15 endoplasms
  10 giant cockroaches
  4 hobgoblins
  8 jackals (D:3)
  3 quokkas
  15 ball pythons
  12 frilled lizards
  8 goblins
  6 kobolds
  3 rats
  A spectral hobgoblin (D:3)
188 creatures vanquished.

Vanquished Creatures (others)
  An ufetubus (D:6)
  291 foxfires
292 creatures vanquished.

Grand Total: 480 creatures vanquished

Notes
Turn   | Place    | Note
-------+----------+-------------------------------------------
     0 | D:1      | EnegeticOcto the Mummy Fire Elementalist began the quest
                  | for the Orb.
     0 | D:1      | Reached XP level 1. HP: 13/13 MP: 4/4
   119 | D:1      | Reached skill level 1 in Conjurations
   158 | D:1      | Reached skill level 3 in Spellcasting
   288 | D:1      | Reached XP level 2. HP: 19/19 MP: 4/6
   454 | D:1      | Learned a level 2 spell: Scorch
   989 | D:2      | Reached XP level 3. HP: 24/24 MP: 3/7
  1160 | D:3      | Reached skill level 3 in Fire Magic
  1240 | D:3      | Reached XP level 4. HP: 27/30 MP: 1/9
  1367 | D:2      | Reached skill level 4 in Spellcasting
  1367 | D:2      | Reached skill level 2 in Conjurations
  1696 | D:2      | Found a faded altar of an unknown god.
  1895 | D:3      | Found a shimmering blue altar of Sif Muna.
  1907 | D:3      | Reached XP level 5. HP: 35/35 MP: 3/11
  1920 | D:3      | Became a worshipper of Sif Muna the Loreminder
  2072 | D:3      | Found a runed translucent door.
  2073 | D:3      | Noticed Crazy Yiuf
  2079 | D:3      | Killed Crazy Yiuf
  2080 | D:3      | Reached skill level 4 in Fire Magic
  2222 | D:3      | Found a shimmering altar of Xom.
  2319 | D:3      | Found a hazy altar of Hepliaklqana.
  2526 | D:4      | Reached XP level 6. HP: 37/42 MP: 4/12
  2634 | D:4      | Found a glowing drain.
  2638 | D:4      | Reached skill level 1 in Fighting
  2653 | Sewer    | Entered a sewer
  2658 | Sewer    | Reached * piety under Sif Muna
  2809 | Sewer    | Reached skill level 5 in Fire Magic
  2825 | Sewer    | Reached ** piety under Sif Muna
  2912 | Sewer    | Reached skill level 2 in Fighting
  2919 | Sewer    | Reached skill level 3 in Conjurations
  2919 | Sewer    | Reached XP level 7. HP: 50/50 MP: 7/13
  3081 | D:4      | Noticed Ijyb
  3089 | D:4      | Killed Ijyb
  3301 | D:5      | Entered Level 5 of the Dungeon
  3360 | D:5      | Reached skill level 4 in Conjurations
  3360 | D:5      | Reached skill level 6 in Fire Magic
  3449 | D:5      | Reached skill level 1 in Invocations
  3449 | D:5      | Reached XP level 8. HP: 56/56 MP: 10/15
  3477 | D:5      | Reached skill level 5 in Spellcasting
  3477 | D:5      | Reached skill level 2 in Invocations
  3507 | D:5      | Learned a level 4 spell: Flame Wave
  3509 | D:5      | Found a shadowy altar of Dithmenos.
  3515 | D:5      | Reached *** piety under Sif Muna
  3641 | D:5      | Found Beitaqec's Magic Scroll Shop.
  3649 | D:5      | Bought a scroll of teleportation for 33 gold pieces
  3649 | D:5      | Bought a scroll of fog for 44 gold pieces
  3649 | D:5      | Bought a scroll of fear for 44 gold pieces
  3649 | D:5      | Bought a scroll of teleportation for 33 gold pieces
  3672 | D:5      | Found a sacrificial altar of Ru.
  3760 | D:5      | Reached skill level 3 in Fighting
  3979 | D:5      | Reached skill level 6 in Spellcasting
  4226 | D:6      | Reached skill level 1 in Shields
  4400 | D:6      | Noticed Pikel
  4400 | D:6      | Noticed Maggie
  4414 | D:5      | Killed Pikel
  4415 | D:5      | Reached skill level 4 in Fighting
  4415 | D:5      | Reached skill level 2 in Shields
  4415 | D:5      | Reached skill level 5 in Conjurations
  4415 | D:5      | Reached XP level 9. HP: 44/65 MP: 1/19
  4633 | D:6      | Reached skill level 7 in Spellcasting
  4638 | D:6      | Found Raisask's Armour Emporium.
  4721 | D:6      | Reached skill level 3 in Shields
  4735 | D:6      | HP: 2/65 [hornet zombie (10)]
  4735 | D:6      | Mangled by a hornet zombie

Illustrated notes

Levels and vault maps discovered:
D:1:      matt_arrival_grand_opening, layout_rooms
D:2:      layout_basic, shapermc_ecumenical_altar_hornbeckon
D:3:      layout_basic, xom_teletrap_fun,
          nicolae_hepliaklqana_monster_ancestors,
          mainiacjoe_overflow_concentric_impassable, saegor_snake_ambush,
          uniq_crazy_yiuf_cottage
D:4:      kennysheep_slugbush, layout_cave_pools, portal_sewer_entry_d,
          minmay_misc_feat_tower, uniq_ijyb
D:5:      layout_cave_pods, mainiacjoe_overflow_catwalk,
          nicolae_ru_sacrificial_ziggurat, serial_shops,
          nicolae_shop_competitors_out_of_business, minmay_liquid_box,
          minmay_misc_feat_doors, minmay_quadrilaterals
D:6:      layout_cave_pools, dreamdust_divine_triumvirate,
          nicolae_kikubaaqudgha_miasma_corner, temple_hall,
          gup_ossuary_entry_pyramid, serial_undead, serial_undead_c,
          serial_undead_e, serial_undead_b, serial_undead_b,
          nicolae_take_the_stairs, uniq_pikel, uniq_maggie

Skill      XL: |  1  2  3  4  5  6  7  8  9 |
---------------+----------------------------+-----
Conjurations   | 1 2 3 4 5 |  5.5
Spellcasting   | 3 4 6 7 |  7.4
Fire Magic     | 3 4 5 6 |  6.0
Fighting       | 2 4 |  4.0
Invocations    | 1 2 |  2.0
Shields        | 2 3 |  3.0
Dodging        | |  1.5
Stealth        | |  1.5

Action                     |  1- 3 |  4- 6 |  7- 9 || total
---------------------------+-------+-------+-------++-------
  Melee: Unarmed           |     4 |       |       ||     4
         Staff             |    38 |       |       ||    38
         Spear             |       |    71 |    24 ||    95
         Punch             |       |     1 |       ||     1
   Cast: Foxfire           |    45 |    64 |    58 ||   167
         Scorch            |     7 |    22 |    69 ||    98
         Flame Wave        |       |       |     4 ||     4
 Invoke: Channel Magic     |       |       |     6 ||     6
  Evoke: Wand              |       |       |     8 ||     8
    Use: Scroll            |     3 |     2 |     4 ||     9
   Stab: Sleeping          |       |     2 |     1 ||     3
         Paralysed         |       |       |     2 ||     2
 Armour: Robe              |    52 |    56 |    76 ||   184
  Dodge: Dodged            |    55 |   122 |   142 ||   319
  Block: Buckler           |       |       |    22 ||    22

Table legend:
 A = Kills in this place as a percentage of kills in the entire game.
 B = Kills by you in this place as a percentage of kills by you in the entire game.
 C = Kills by friends in this place as a percentage of kills by friends in the entire game.
 D = Other kills in this place as a percentage of other kills in the entire game.
 E = Experience gained in this place as a percentage of experience gained in the entire game.
 F = Experience gained in this place divided by the number of levels of this place that you have seen.
                   A       B       C       D       E      F
               +-------+-------+-------+-------+-------+----------------------
         Total | 100.0 | 100.0 |   N/A |   N/A | 100.0 | 513.6
       Dungeon |  73.9 |  73.9 |   N/A |   N/A |  91.3 | 547.0
         Sewer |  26.1 |  26.1 |   N/A |   N/A |   8.7 | 313.0
               +-------+-------+-------+-------+-------+----------------------

Table legend: (Time is in decaauts)
 A = Elapsed time spent in this place.
 B = Non-inter-level travel time spent in this place.
 C = Inter-level travel time spent in this place.
 D = Time resting spent in this place.
 E = Time spent auto-exploring this place.
 F = Levels seen in this place.
 G = Mean time per level.
                   A        B        C        D        E       F      G
               +--------+--------+--------+--------+--------+-----+--------+
         Total |   5282 |   5042 |    240 |    298 |   1902 |   7 |  754.6 |
       Dungeon |   4904 |   4664 |    240 |    298 |   1902 |   6 |  817.3 |
         Sewer |    378 |    378 |      0 |      0 |      0 |   1 |  378.0 |
               +--------+--------+--------+--------+--------+-----+--------+

Top non-repeatable levels by time:
     D:5: 1484 daAuts
     D:3: 1113 daAuts
     D:2: 797 daAuts
     D:1: 757 daAuts
     D:4: 605 daAuts
   Sewer: 378 daAuts
     D:6: 146 daAuts
